 Dungeon Crawl Stone Soup version 0.21.1-1-g345015fe64 (webtiles) character file.

7876 rzd the Slicer (level 11, -4/83 HPs)
             Began as a Merfolk Skald on Mar 23, 2018.
             Was a High Priest of the Shining One.
             Killed from afar by an electric eel (16 damage)
             ... with a bolt of electricity
             ... on level 9 of the Dungeon.
             The game lasted 00:59:35 (8312 turns).

rzd the Slicer (Merfolk Skald)                      Turns: 8312, Time: 00:59:36

Health: -4/83      AC: 11    Str: 11    XL:     11   Next: 22%
Magic:  18/18      EV: 12    Int: 21    God:    the Shining One [*****.]
Gold:   553        SH: 13    Dex: 14    Spells: 14/20 levels left

rFire    . . .     SeeInvis .   r - +2 short sword (elec)
rCold    . . .     Gourm    .   P - +1 shield
rNeg     + + .     Faith    .   g - +3 ring mail
rPois    .         Spirit   .   o - +0 helmet
rElec    .         Reflect  +   (no cloak)
rCorr    .         Harm     .   h - +0 pair of gloves
MR       .....                  (no boots)
Stlth    +.........             z - +3 amulet of reflection
HPRegen  0.23/turn              s - ring of wizardry
MPRegen  0.16/turn              q - +5 ring of intelligence

@: glowing
A: change form in water, swift swim, stealthy swim
a: Divine Shield, Cleansing Flame, Summon Divine Warrior, Renounce Religion


You were on level 9 of the Dungeon.
You worshipped the Shining One.
The Shining One was extremely pleased with you.
You were not hungry.

You visited 2 branches of the dungeon, and saw 10 of its levels.

You collected 611 gold pieces.
You spent 58 gold pieces at shops.

Inventory:

Hand Weapons
 a - a +0 spear
 j - a +0 dagger of electrocution
 r - a +2 short sword of electrocution (weapon)
 t - a cursed -1 dagger
 u - a cursed -1 hand axe
 v - a +1 hand axe of electrocution
 x - a +0 blowgun
 y - a +2 dagger of venom
 A - a cursed -1 mace
 E - a cursed +0 trident
Missiles
 e - 31 poisoned needles
 k - 166 stones
 N - 7 javelins (quivered)
Armour
 g - a +3 ring mail (worn)
 h - a +0 pair of gloves (worn)
 o - a +0 helmet (worn)
 P - a +1 shield (worn)
 Q - a +0 troll leather armour
Jewellery
 q - a +5 ring of intelligence (right hand)
 s - a ring of wizardry (left hand)
 w - an uncursed ring of poison resistance
 z - a +3 amulet of reflection (around neck)
Wands
 B - a wand of flame (56)
 D - a wand of acid (8)
 L - a wand of digging (17)
 M - a wand of paralysis (16)
Scrolls
 m - 3 scrolls of remove curse
 p - 2 scrolls of teleportation
 C - 2 scrolls of blinking {unknown}
 F - a scroll of random uselessness {unknown}
 G - a scroll of fear
 J - 2 scrolls of immolation {unknown}
 O - 3 scrolls of identify
Potions
 b - a potion of flight
 f - 2 potions of magic
 i - a potion of cancellation {unknown}
 l - 5 potions of brilliance
 H - a potion of agility
Books
 c - a book of Battle

   Spells                             Type                      Level
   a - Infusion                       Charms                       1
   b - Shroud of Golubria             Charms/Translocation         2
   c - Song of Slaying                Charms                       2
   d - Spectral Weapon                Hexes/Charms                 3
   e - Regeneration                   Charms/Necromancy            3
 n - a book of Misfortune

   Spells                             Type                      Level
   a - Confusing Touch                Hexes                        1
   b - Confuse                        Hexes                        3
   c - Gell's Gravitas                Translocation                3
   d - Petrify                        Transmutation/Earth          4
   e - Metabolic Englaciation         Hexes/Ice                    5
   f - Yara's Violent Unravelling     Hexes/Transmutation          5
 I - a book of Necromancy

   Spells                             Type                      Level
   a - Pain                           Necromancy                   1
   b - Animate Skeleton               Necromancy                   1
   c - Vampiric Draining              Necromancy                   3
   d - Regeneration                   Charms/Necromancy            3
   e - Animate Dead                   Necromancy                   4
   f - Borgnjor's Vile Clutch         Necromancy/Earth             5
   The Shining One disapproves of the use of such an item.
 K - a Young Poisoner's Handbook

   Spells                             Type                      Level
   a - Sting                          Conjuration/Poison           1
   b - Poisonous Vapours              Poison/Air                   2
   c - Mephitic Cloud                 Conjuration/Poison/Air       3
   d - Olgreb's Toxic Radiance        Poison                       4
   e - Venom Bolt                     Conjuration/Poison           5
Comestibles
 d - 17 rations
 R - 3 chunks of flesh


   Skills:
 + Level 6.6 Fighting
 + Level 10.8 Short Blades
 - Level 3.8 Polearms
 + Level 5.3 Armour
 + Level 8.1 Dodging
 + Level 2.0 Stealth
 - Level 4.0 Shields
 + Level 5.3 Spellcasting
 + Level 3.1 Hexes
 + Level 6.3 Charms
 + Level 0.3 Evocations


You had 14 spell levels left.
You knew the following spells:

 Your Spells              Type           Power        Failure   Level  Hunger
a - Infusion              Chrm           ####         2%          1    None
b - Shroud of Golubria    Chrm/Tloc      ###.......   16%         2    None
c - Song of Slaying       Chrm           ####....     4%          2    None
d - Confusing Touch       Hex            ###...       11%         1    None


Dungeon Overview and Level Annotations

Branches:
Dungeon (9/15)             Temple (1/1) D:7            Lair (0/6) D:9
    Orc: D:9-12

Altars:
Fedhas
Gozag
Makhleb
Nemelex Xobeh
Ru
Trog
Uskayaw
Wu Jian
Xom
The Shining One

Shops:
D:4 [


Message History

You tail-slap the electric eel.
The electric eel is moderately wounded.
The electric eel shoots out a bolt of lightning at you!
The bolt of electricity hits the electric eel.
The electric eel completely resists.
The bolt of electricity misses you.
The electric eel shoots out a bolt of lightning at you!
The bolt of electricity misses you.
The electric eel shoots out a bolt of lightning at you!
The bolt of electricity hits the electric eel.
The electric eel completely resists.
The bolt of electricity hits you!
* * * LOW HITPOINT WARNING * * *
Some of the chunks of flesh in your inventory have rotted away.
The electric eel shoots out a bolt of lightning at you!
The bolt of electricity hits you!
* * * LOW HITPOINT WARNING * * *
The electric eel shoots out a bolt of lightning at you!
The bolt of electricity misses you.
The electric eel shoots out a bolt of lightning at you!
The bolt of electricity hits you!
You die...

#...≈≈.≈.≈≈≈ ..
#..##.#..≈≈≈≈≈.≈≈≈
.##).##.#..≈≈≈≈≈.≈≈≈
)....##.#...≈≈≈≈.≈≈.
#...##.#...≈≈≈≈...≈
#......#..≈;;.≈..≈≈
#......#..≈≈≈....≈≈
#######....#.≈Z≈......≈
#.........@..≈≈≈.≈.>..≈
#.............≈≈≈....≈≈ ## ##
#..######....≈≈≈≈.≈.≈.≈ .#
#.##..##.# #......≈≈≈≈≈≈≈≈ .#
#.#..#.# #......≈≈≈≈≈≈≈≈ .#
#....# #..(.≈≈≈≈≈.≈≈≈≈
.#.####..####.#.........≈≈.≈≈
.#..'....(.'..#.......≈.≈....
.#.####..####.#.........≈.≈..


You could see 2 electric eels and a quokka zombie.

Vanquished Creatures
  Josephine (D:9)
  A skeletal warrior (D:9)
  A troll (D:9)
  3 shadows (D:9)
  Sigmund (D:4)
  4 flying skulls (D:9)
  4 wraiths (D:9)
  The ghost of Norrik the Skirmisher, an amateur MiMo (D:3)
  4 ice beasts
  2 black bears (D:8)
  2 hornet zombies
  3 phantoms
  2 ogres
  A wolf (D:9)
  6 centaurs
  The ghost of BreadTh the Magician, an amateur DEWz (D:4)
  A big kobold (D:7)
  A bullfrog (D:6)
  A wyvern zombie (D:9)
  3 scorpions
  3 howler monkeys
  13 wights
  7 crimson imps
  2 bullfrog zombies
  A centaur zombie (D:6)
  3 jellies
  A quasit (D:6)
  A gnoll shaman (D:7)
  7 hounds
  3 bullfrog skeletons
  2 orc priests
  A centaur skeleton (D:9)
  An iguana (D:6)
  9 orc wizards
  7 worker ants
  A killer bee zombie (D:9)
  2 hound skeletons
  5 worker ant zombies
  Robin (D:3)
  7 gnolls
  An adder (D:2)
  A shadow imp (D:5)
  An ooze (D:7)
  2 adder skeletons
  3 worms
  3 dart slugs
  5 leopard geckos
  24 orcs
  6 bats
  7 giant cockroaches
  16 goblins
  13 hobgoblins
  8 jackals
  10 kobolds
  2 quokkas
  2 ball pythons
  4 frilled lizards
  A jackal skeleton (D:2)
  A leopard gecko zombie (D:5)
  2 quokka zombies
  5 rats
237 creatures vanquished.

Notes
Turn   | Place    | Note
-------+----------+-------------------------------------------
     0 | D:1      | rzd the Merfolk Skald began the quest for the Orb.
     0 | D:1      | Reached XP level 1. HP: 16/16 MP: 3/3
   134 | D:1      | Reached XP level 2. HP: 16/22 MP: 5/5
   548 | D:1      | Reached skill level 1 in Armour
  1153 | D:2      | Reached XP level 3. HP: 23/27 MP: 2/6
  1304 | D:2      | Found a shimmering altar of Xom.
  1346 | D:2      | Found a hide-covered altar of Uskayaw.
  1404 | D:2      | Found a glowing golden altar of the Shining One.
  1464 | D:2      | Became a worshipper of the Shining One
  1639 | D:2      | Reached XP level 4. HP: 31/34 MP: 5/7
  1845 | D:3      | Reached skill level 1 in Short Blades
  1866 | D:3      | Noticed Robin
  1919 | D:3      | Killed Robin
  2147 | D:3      | Reached skill level 2 in Short Blades
  2147 | D:3      | Reached XP level 5. HP: 25/39 MP: 1/8
  2404 | D:3      | Noticed Norrik's ghost (amateur MiMo)
  2422 | D:3      | Killed Norrik's ghost
  2422 | D:3      | Reached skill level 3 in Short Blades
  2422 | D:3      | Reached XP level 6. HP: 24/46 MP: 2/10
  2634 | D:3      | Learned a level 2 spell: Shroud of Golubria
  2637 | D:3      | Learned a level 2 spell: Song of Slaying
  2780 | D:4      | Noticed a phantom
  2831 | D:4      | Killed a phantom
  3105 | D:4      | Found Uvaebbod's Armour Shoppe.
  3110 | D:4      | Reached skill level 4 in Short Blades
  3110 | D:4      | Reached skill level 1 in Stealth
  3110 | D:4      | Reached XP level 7. HP: 26/51 MP: 7/11
  3120 | D:4      | Bought a +0 pair of gloves for 58 gold pieces
  3339 | D:4      | Learned a level 1 spell: Confusing Touch
  3434 | D:4      | Reached * piety under the Shining One
  3708 | D:4      | Noticed BreadTh's ghost (amateur DEWz)
  3715 | D:4      | Killed BreadTh's ghost
  3805 | D:4      | Found a burning altar of Makhleb.
  3837 | D:4      | Reached skill level 5 in Short Blades
  3904 | D:4      | Noticed Sigmund
  3910 | D:4      | Killed Sigmund
  3910 | D:4      | Reached skill level 5 in Dodging
  3910 | D:4      | Reached XP level 8. HP: 52/58 MP: 10/12
  4164 | D:5      | Entered Level 5 of the Dungeon
  4252 | D:5      | Reached skill level 6 in Short Blades
  4461 | D:5      | Found a blossoming altar of Fedhas.
  4795 | D:5      | Reached skill level 1 in Hexes
  5045 | D:5      | Reached skill level 5 in Charms
  5286 | D:6      | Reached XP level 9. HP: 65/65 MP: 10/14
  5401 | D:6      | Reached skill level 7 in Short Blades
  5403 | D:6      | Reached ** piety under the Shining One
  5851 | D:6      | Found a blossoming altar of Fedhas.
  5906 | D:7      | Reached skill level 1 in Shields
  5977 | D:7      | Reached *** piety under the Shining One
  6044 | D:6      | Reached skill level 8 in Short Blades
  6275 | D:7      | Reached skill level 5 in Fighting
  6275 | D:7      | Reached skill level 9 in Short Blades
  6275 | D:7      | Reached XP level 10. HP: 55/74 MP: 6/16
  6290 | D:7      | Found a staircase to the Ecumenical Temple.
  6549 | Temple   | Entered the Ecumenical Temple
  6842 | D:8      | Found an ornate altar of the Wu Jian Council.
  6927 | D:8      | Reached **** piety under the Shining One
  6937 | D:8      | Found a sacrificial altar of Ru.
  7248 | D:8      | Found an opulent altar of Gozag.
  7720 | D:9      | Noticed a skeletal warrior
  7721 | D:9      | Noticed Josephine
  7843 | D:9      | Reached skill level 10 in Short Blades
  7850 | D:9      | HP: 3/76 [skeletal warrior/scimitar (23)]
  7852 | D:9      | Killed a skeletal warrior
  7875 | D:9      | Killed Josephine
  7875 | D:9      | Reached skill level 5 in Armour
  7875 | D:9      | Reached skill level 5 in Spellcasting
  7881 | D:9      | Reached XP level 11. HP: 28/81 MP: 3/18
  7908 | D:9      | Reached ***** piety under the Shining One
  8298 | D:9      | Found a staircase to the Lair.
  8312 | D:9      | Killed from afar by an electric eel

Skill      XL: |  1  2  3  4  5  6  7  8  9 10 11 |
---------------+----------------------------------+-----
Armour         | 1 2 3 5 |  5.3
Dodging        | 3 4 5 6 7 8 |  8.1
Short Blades   | 2 3 4 5 6 9 10 | 10.8
Charms         | 4 5 6 |  6.3
Stealth        | 1 2 |  2.0
Fighting       | 3 4 5 6 |  6.6
Spellcasting   | 3 4 5 |  5.3
Hexes          | 2 3 |  3.1
Shields        | 3 4 |  4.0
Polearms       | |  3.8
Evocations     | |  0.3

Action                   |  1- 3 |  4- 6 |  7- 9 | 10-12 || total
-------------------------+-------+-------+-------+-------++-------
Melee: Spear             |   102 |       |       |       ||   102
       Short sword       |    18 |   159 |   295 |   291 ||   763
       Tailslap          |       |       |       |     1 ||     1
 Cast: Infusion          |     7 |     9 |    25 |    12 ||    53
       Confusing Touch   |       |       |     3 |       ||     3
       Song of Slaying   |       |       |       |     3 ||     3
Evoke: Wand              |       |       |     2 |     2 ||     4
  Use: Scroll            |       |     8 |     5 |     4 ||    17
       Potion            |       |     2 |     1 |     6 ||     9
  Eat: Chunk             |     3 |     4 |    11 |     3 ||    21
       Ration            |       |       |       |     1 ||     1
Armor: Leather armour    |     9 |    21 |       |       ||    30
       Ring mail         |    23 |    46 |   115 |    63 ||   247
Dodge: Dodged            |    76 |    93 |   162 |   135 ||   466
Block: Other             |       |       |    22 |       ||    22
       Reflection        |       |       |     5 |     2 ||     7
       Buckler           |       |       |    36 |     4 ||    40
       Shield            |       |       |       |   177 ||   177
